[Event "WJCC U20 Girls 2019"]
[Site "New Delhi"]
[Date "2019.10.19"]
[Round "6.22"]
[White "Mungunzul, Bat-Erdene"]
[Black "Narva, Mai"]
[Result "1-0"]
[ECO "A46"]
[WhiteElo "1912"]
[BlackElo "2378"]
[Annotator "NA"]
[PlyCount "269"]
[EventDate "2019.10.15"]
[EventType "swiss"]
[EventCountry "IND"]
[SourceTitle "playchess.com"]
[Source "ChessBase"]
[SourceQuality "1"]
[TimeControl "40/5400+30:1800+30"]

1. d4 Nf6 2. Nf3 e6 3. Bf4 b6 4. e3 Bb7 5. Bd3 Be7 6. h3 c5 7. c3 O-O 8. Nbd2 d6 9. Qe2 a6 10. a4 Nbd7 11. O-O cxd4 12. exd4 Qc7 13. Bg3 Rfe8 14. Rfe1 Nf8 15. Ng5 Qc6 16. f4 Ng6 17. Bh2 Bd8 18. Qf2 Nd5 19. Be4 Qd7 20. Bxg6 hxg6 21. Nde4 Nf6 22. Nxf6+ Bxf6 23. Ne4 Be7 24. Bg3 Qc6 25. Re2 b5 26. Bh4 Bxh4 27. Qxh4 Qc4 28. Ng3 b4 29. Rc1 bxc3 30. bxc3 Qxa4 31. Qg4 Rec8 32. Rec2 Rc4 33. Qe2 Rac8 34. Kh2 Qc6 35. h4 a5 36. h5 gxh5 37. Qxh5 Rxc3 38. d5 Qxd5 39. Qxd5 Rxc2 40. Qxb7 Rxc1 41. Qa6 R1c5 42. Ne4 R5c6 43. Qxa5 d5 44. Ng5 Rc5 45. Qa7 R5c7 46. Qf2 g6 47. Qd4 Re8 48. Qf6 Ree7 49. Kg3 Red7 50. Nf3 Rc2 51. Ne5 Rb7 52. Kh3 Re2 53. Nc6 Re4 54. Kg4 Re2 55. g3 Rh2 56. Qa1 Rc7 57. Nd4 Rh5 58. Nb5 Rd7 59. Qa8+ Kg7 60. Qc8 Re7 61. Qc5 Rd7 62. Nd6 Rh8 63. Qc3+ Kh7 64. Nb5 Rhd8 65. Nd4 Rf8 66. Kg5 f6+ 67. Kg4 Re8 68. Qc6 Rde7 69. Nb5 Kg8 70. Kf3 Rd8 71. Ke3 Kf7 72. Nd6+ Kf8 73. Nc8 Red7 74. Kd4 Kf7 75. g4 g5 76. fxg5 e5+ 77. Kd3 fxg5 78. Nb6 Ra7 79. Qh6 Ra3+ 80. Kc2 Ra2+ 81. Kb3 Ra6 82. Qh7+ Ke6 83. Qg6+ Ke7 84. Qxg5+ Ke8 85. Qxe5+ Kf7 86. Nxd5 Rdd6 87. g5 Re6 88. Qc7+ Kf8 89. Qd8+ Kf7 90. Qd7+ Kf8 91. Kc4 Rad6 92. Qh7 Ra6 93. Qd7 Rad6 94. Qc8+ Kf7 95. Qc7+ Kf8 96. Kc5 Ra6 97. Nf6 Ra8 98. Qh7 Ra5+ 99. Kd4 Rxg5 100. Qh6+ Rg7 101. Nh7+ Kf7 102. Ng5+ Rxg5 103. Qxg5 Rf6 104. Ke5 Rg6 105. Qf5+ Kg7 106. Qd7+ Kh6 107. Qf7 Rg7 108. Qf8 Kg6 109. Ke6 Kh7 110. Qf5+ Kg8 111. Qh5 Ra7 112. Qg4+ Rg7 113. Qc4 Kh7 114. Kf6 Rg6+ 115. Kf7 Rg7+ 116. Kf8 Rg5 117. Qe4+ Kh6 118. Kf7 Kh5 119. Kf6 Rg3 120. Qe2+ Kh4 121. Kf5 Kh3 122. Qf1+ Kh4 123. Qh1+ Rh3 124. Qe4+ Kg3 125. Qg4+ Kh2 126. Qe2+ Kg1 127. Kg4 Rh2 128. Qe1+ Kg2 129. Qe4+ Kf2 130. Qf4+ Kg1 131. Kg3 Rg2+ 132. Kh3 Ra2 133. Qd4+ Kf1 134. Qc4+ Re2 135. Kg3 1-0

[Event "WJCC U20 Girls 2019"]
[Site "New Delhi"]
[Date "2019.10.19"]
[Round "6.23"]
[White "Potapova, Margarita"]
[Black "Zhang, Xiao"]
[Result "1/2-1/2"]
[ECO "D37"]
[WhiteElo "2377"]
[BlackElo "2053"]
[Annotator "NA"]
[PlyCount "156"]
[EventDate "2019.10.15"]
[EventType "swiss"]
[EventCountry "IND"]
[SourceTitle "playchess.com"]
[Source "ChessBase"]
[SourceQuality "1"]
[TimeControl "40/5400+30:1800+30"]

1. d4 Nf6 2. c4 e6 3. Nf3 d5 4. Nc3 a6 5. cxd5 exd5 6. Bg5 Be6 7. e3 Nbd7 8. Bd3 h6 9. Bh4 g5 10. Bg3 Nh5 11. Be5 Nhf6 12. Bg3 Nh5 13. Qc2 Nxg3 14. hxg3 Bg7 15. O-O-O c5 16. Kb1 Rc8 17. Bf5 O-O 18. dxc5 Nxc5 19. Nd4 b5 20. a3 Qf6 21. f4 g4 22. Rh4 Na4 23. Bxe6 fxe6 24. Rxg4 Nxc3+ 25. bxc3 Qe7 26. Kb2 a5 27. f5 b4 28. Nxe6 Rxc3 29. Rxg7+ Qxg7 30. Nxg7 Rxc2+ 31. Kxc2 Rc8+ 32. Kd3 Kxg7 33. axb4 axb4 34. Kd4 Kf6 35. Rb1 Kxf5 36. Rxb4 Re8 37. Rb3 Kg4 38. Rb6 Kxg3 39. Rxh6 Re4+ 40. Kd3 Kxg2 41. Rh5 Kf3 42. Rf5+ Kg4 43. Rxd5 Re8 44. Kd4 Kf3 45. Rf5+ Kg4 46. e4 Rd8+ 47. Ke3 Ra8 48. Rc5 Rd8 49. Ra5 Rd7 50. Rf5 Ra7 51. Rb5 Rd7 52. Ra5 Rd8 53. Ra1 Kg5 54. Rf1 Re8 55. Rf5+ Kg4 56. Rf6 Kg5 57. Rf5+ Kg4 58. Rf7 Kg5 59. Kf3 Re5 60. Ke3 Re8 61. Rf1 Ra8 62. Rf5+ Kg4 63. Rd5 Rb8 64. Kd4 Re8 65. Rd7 Ra8 66. Rg7+ Kf4 67. Rf7+ Kg4 68. e5 Kg5 69. e6 Kg6 70. Kd5 Ra5+ 71. Kd6 Ra6+ 72. Kd5 Ra5+ 73. Kd6 Ra6+ 74. Ke7 Ra7+ 75. Ke8 Ra8+ 76. Kd7 Ra7+ 77. Kd6 Rxf7 78. exf7 Kxf7 1/2-1/2

[Event "WJCC U20 Girls 2019"]
[Site "New Delhi"]
[Date "2019.10.19"]
[Round "6.24"]
[White "Harshini A"]
[Black "Gomez Barrera, Javiera Belen"]
[Result "0-1"]
[ECO "C91"]
[WhiteElo "2230"]
[BlackElo "2033"]
[Annotator "NA"]
[PlyCount "138"]
[EventDate "2019.10.15"]
[EventType "swiss"]
[EventCountry "IND"]
[SourceTitle "playchess.com"]
[Source "ChessBase"]
[SourceQuality "1"]
[TimeControl "40/5400+30:1800+30"]

1. e4 e5 2. Nf3 Nc6 3. Bb5 a6 4. Ba4 Nf6 5. O-O Be7 6. Re1 b5 7. Bb3 d6 8. c3 O-O 9. d4 Bg4 10. Be3 exd4 11. cxd4 Na5 12. Bc2 c5 13. h3 Bh5 14. Nbd2 cxd4 15. Bxd4 Nc6 16. Nb3 Nd7 17. Bd3 Nxd4 18. Nbxd4 Bf6 19. Qd2 Qb6 20. Bf1 Rfe8 21. Rac1 Nc5 22. Qc2 Ne6 23. Nxe6 Rxe6 24. Nd2 Rae8 25. b4 Bh4 26. Nf3 Bxf3 27. gxf3 h6 28. Re2 Qd8 29. f4 Qf6 30. Qd2 g5 31. Bg2 gxf4 32. Bf3 Re5 33. Ree1 Kh8 34. Rc6 Qg7+ 35. Kh1 Rg8 36. Rxd6 Rg5 37. Bg4 h5 38. Qxf4 hxg4 39. hxg4 Qh7 40. Qf6+ R5g7 41. Qh6 Rxg4 42. Re3 Bxf2 43. Qxh7+ Kxh7 44. Rh3+ Bh4 45. Rf3 Rg1+ 46. Kh2 Bg3+ 47. Kxg1 Bxd6+ 48. Kf2 Kg7 49. a3 Rc8 50. Rd3 Be5 51. Rd5 Kf6 52. a4 bxa4 53. Ra5 Rc6 54. Rxa4 Bc3 55. Ke3 Rb6 56. Kd3 Bxb4 57. Kc4 a5 58. Ra1 Ke5 59. Rf1 Rf6 60. Rh1 Kxe4 61. Rh4+ Rf4 62. Rh5 f5 63. Rh8 Ke3+ 64. Kb3 Rf3 65. Re8+ Kf2+ 66. Ka2 f4 67. Rc8 Kg2 68. Rg8+ Rg3 69. Re8 f3 0-1

[Event "WJCC U20 Girls 2019"]
[Site "New Delhi"]
[Date "2019.10.19"]
[Round "6.25"]
[White "Fretel, Liza"]
[Black "Cervantes Landeiro, Thalia"]
[Result "0-1"]
[ECO "B24"]
[WhiteElo "1877"]
[BlackElo "2176"]
[Annotator "NA"]
[PlyCount "66"]
[EventDate "2019.10.15"]
[EventType "swiss"]
[EventCountry "IND"]
[SourceTitle "playchess.com"]
[Source "ChessBase"]
[SourceQuality "1"]
[TimeControl "40/5400+30:1800+30"]

1. e4 c5 2. Nc3 Nc6 3. g3 g6 4. Bg2 Bg7 5. d3 e6 6. Be3 d6 7. Nh3 Nge7 8. f4 Rb8 9. O-O O-O 10. Qd2 Qa5 11. Kh1 b5 12. f5 exf5 13. exf5 Nxf5 14. Ng5 Ncd4 15. Bf4 Qd8 16. Nge4 Ne6 17. a4 Nxf4 18. Qxf4 b4 19. Nd1 Be5 20. Qd2 Bb7 21. c3 bxc3 22. bxc3 Qe7 23. Ne3 Nxe3 24. Qxe3 f5 25. Ng5 Bxg2+ 26. Kxg2 Rb2+ 27. Kh1 Qb7+ 28. Nf3 f4 29. gxf4 Rxf4 30. d4 Rxh2+ 31. Kxh2 Rxf3+ 32. Qxe5 dxe5 33. Rab1 Qe4 0-1

[Event "WJCC U20 Girls 2019"]
[Site "New Delhi"]
[Date "2019.10.19"]
[Round "6.26"]
[White "Eesha Ajay Sarda"]
[Black "Nilssen, Ellen Fredericia"]
[Result "0-1"]
[ECO "C01"]
[WhiteElo "1744"]
[BlackElo "2137"]
[Annotator "NA"]
[PlyCount "108"]
[EventDate "2019.10.15"]
[EventType "swiss"]
[EventCountry "IND"]
[SourceTitle "playchess.com"]
[Source "ChessBase"]
[SourceQuality "1"]
[TimeControl "40/5400+30:1800+30"]

1. e4 e6 2. d4 d5 3. exd5 exd5 4. Bd3 c5 5. dxc5 Bxc5 6. Nf3 Nf6 7. O-O O-O 8. h3 Nc6 9. Nc3 a6 10. Bg5 Be6 11. Ne2 h6 12. Bf4 Ne4 13. Qc1 Qf6 14. Nd2 Nxf2 15. Kh2 Nxd3 16. cxd3 Qe7 17. Nf3 Rac8 18. Qd2 Rfe8 19. Ng3 Bd6 20. a3 d4 21. Rae1 Bxf4 22. Qxf4 Qc7 23. Qh4 Qb6 24. b4 Qb5 25. Ne4 Qd5 26. Qg3 Qb3 27. Nf6+ Kh8 28. Nxe8 Rxe8 29. Ne5 Nxe5 30. Qxe5 Qxd3 31. Rf3 Qd2 32. Rg3 Rg8 33. Re4 d3 34. Qd4 Bf5 35. Re8 Bg6 36. Rge3 Rxe8 37. Rxe8+ Kh7 38. Rd8 Qe2 39. Qg4 Qb2 40. a4 h5 41. Qf4 Qe2 42. Rd4 Qe8 43. a5 Qe2 44. Qg5 Be4 45. Rd7 Bg6 46. Rd4 Be4 47. Rd7 Bg6 48. Qg3 Qb2 49. Qf4 Qe2 50. Qf3 Be4 51. Qg3 d2 52. Rxf7 Bg6 53. Rc7 d1=Q 54. Qc3 Qd6+ 0-1

[Event "WJCC U20 Girls 2019"]
[Site "New Delhi"]
[Date "2019.10.19"]
[Round "6.27"]
[White "Harshita Guddanti"]
[Black "Chandreyee, Hajra"]
[Result "1-0"]
[ECO "B15"]
[WhiteElo "2123"]
[BlackElo "2024"]
[Annotator "NA"]
[PlyCount "93"]
[EventDate "2019.10.15"]
[EventType "swiss"]
[EventCountry "IND"]
[SourceTitle "playchess.com"]
[Source "ChessBase"]
[SourceQuality "1"]
[TimeControl "40/5400+30:1800+30"]

1. e4 c6 2. d4 d5 3. Nc3 dxe4 4. Nxe4 Nf6 5. Nxf6+ exf6 6. Nf3 Bd6 7. Be2 O-O 8. O-O Bg4 9. Nh4 f5 10. Nf3 Re8 11. Re1 Nd7 12. Bg5 f6 13. Bd2 Re4 14. c3 Kh8 15. h3 Bh5 16. Bd3 Rxe1+ 17. Qxe1 Bxf3 18. gxf3 g6 19. Qe6 Nf8 20. Qf7 Qe7 21. Qxe7 Bxe7 22. Re1 Bd6 23. c4 Rd8 24. Bc3 Rd7 25. b4 Re7 26. c5 Rxe1+ 27. Bxe1 Be7 28. Bc4 Kg7 29. a4 g5 30. Bd2 h5 31. f4 Bd8 32. h4 gxh4 33. d5 Ng6 34. d6 Nf8 35. Be3 a6 36. Kg2 Kg6 37. Kh3 Kg7 38. Kxh4 Kg6 39. Kg3 Kg7 40. Kh3 Kg6 41. Kh4 a5 42. b5 Kh6 43. Bf7 Nd7 44. Be6 Nb8 45. Bc8 cxb5 46. axb5 a4 47. Bxb7 1-0

[Event "WJCC U20 Girls 2019"]
[Site "New Delhi"]
[Date "2019.10.19"]
[Round "6.28"]
[White "Dwilewicz, Katarzyna"]
[Black "Tsotsonava, Elene"]
[Result "1-0"]
[ECO "B48"]
[WhiteElo "2106"]
[BlackElo "1905"]
[Annotator "NA"]
[PlyCount "61"]
[EventDate "2019.10.15"]
[EventType "swiss"]
[EventCountry "IND"]
[SourceTitle "playchess.com"]
[Source "ChessBase"]
[SourceQuality "1"]
[TimeControl "40/5400+30:1800+30"]

1. e4 c5 2. Nf3 e6 3. d4 cxd4 4. Nxd4 Nc6 5. Nc3 Qc7 6. Be3 a6 7. Qf3 Nf6 8. O-O-O b5 9. e5 b4 10. exf6 bxc3 11. Nxc6 Qb7 12. b3 dxc6 13. Bd4 g6 14. Bxc3 c5 15. Qg3 h5 16. h4 Bh6+ 17. Kb1 O-O 18. Be2 Kh7 19. Bf3 Qa7 20. Bxa8 Qxa8 21. f3 c4 22. Qc7 Qb7 23. Qxc4 Bd7 24. Qb4 Rb8 25. Rxd7 Qxb4 26. Bxb4 Rxb4 27. Rhd1 Rxh4 28. Rxf7+ Kg8 29. Rc7 Rf4 30. Rd8+ Bf8 31. Rg7+ 1-0

[Event "WJCC U20 Girls 2019"]
[Site "New Delhi"]
[Date "2019.10.19"]
[Round "6.29"]
[White "Ulziikhishigjargal, Ochirkhuyag"]
[Black "Bakshi, Rutuja"]
[Result "0-1"]
[ECO "C03"]
[WhiteElo "2194"]
[BlackElo "2029"]
[Annotator "ChessBase"]
[PlyCount "105"]
[EventDate "2019.10.15"]
[EventType "swiss"]
[EventCountry "IND"]
[SourceTitle "playchess.com"]
[Source "ChessBase"]
[SourceQuality "1"]
[TimeControl "40/5400+30:1800+30"]

1. e4 e6 2. d4 d5 3. Nd2 a6 4. Ngf3 c5 5. exd5 exd5 6. dxc5 Bxc5 7. Bd3 Nf6 8. Nb3 Bb6 9. O-O O-O 10. h3 Nc6 11. c3 Qd6 12. Nbd4 Nxd4 13. cxd4 Ne4 14. Re1 Re8 15. Be3 Bf5 16. Qb3 Ba5 17. Rec1 Rab8 18. Rc2 Re7 19. Rac1 Rbe8 20. Qa4 Bb6 21. Ne5 f6 22. Bxe4 Bxe4 23. Rc8 Rd8 24. Ng4 Bf5 25. Rxd8+ Bxd8 26. Nh2 Bc7 27. Nf1 Bd3 28. Qb3 Bb5 29. a4 Bc6 30. Qc2 Qd7 31. b3 Bb8 32. Qd2 Qd6 33. Re1 Re8 34. g3 Qe6 35. h4 Qf5 36. Qc1 Re4 37. Nd2 Rg4 38. Qb1 Qh5 39. Nf1 Bd7 40. Qd1 Qxh4 41. Qf3 Be6 42. Bf4 Bc7 43. Rxe6 Bxf4 44. Qc3 Rg5 45. Qc7 {[%emt 0:00:00] Kf7 Qc8 Kg6 Re7} b5 46. axb5 axb5 47. Qb7 {[%emt 0:00:00] Kh6 Qxb5} Bd6 48. Re3 Qxd4 49. Rd3 Qe4 50. Re3 Qg4 51. Qc6 Bb4 52. Nh2 Qd4 53. Qe6+ {[%emt 0:05:08] Bd2 Rf3 Qe4 Qc6 Kg6 Qb5 d4 Qc4 Bc3 Rd3 Qd5 Qa4 Qb5 Rxd4 Bxd4 Qxd4 Qxb3 Qe4+ Kf7 Nf3 Rh5 Kg2 Qd5 Qe3 Re5 Qa7+ Re7 Qa3 g5 g4 Rb7 Qa8 Kg7 Qe8 Rb3 Qe7+ Qf7 Qe4 Qb7 Qf5 Rb5 Qd3 h5 Kg3 Qb8+ Kg2 Qb7 Kg3 Rb3 Qf5 h4+ Kg2 h3+ Kg3 h2} 0-1

[Event "WJCC U20 Girls 2019"]
[Site "New Delhi"]
[Date "2019.10.19"]
[Round "6.30"]
[White "Pychova, Nela"]
[Black "Cosme Contreras, Trilce"]
[Result "1-0"]
[ECO "B54"]
[WhiteElo "2178"]
[BlackElo "2027"]
[Annotator "NA"]
[PlyCount "118"]
[EventDate "2019.10.15"]
[EventType "swiss"]
[EventCountry "IND"]
[SourceTitle "playchess.com"]
[Source "ChessBase"]
[SourceQuality "1"]
[TimeControl "40/5400+30:1800+30"]

1. e4 c5 2. Nf3 d6 3. d4 cxd4 4. Nxd4 Nf6 5. f3 a6 6. c4 e6 7. Nc3 Be7 8. Be2 O-O 9. Be3 Qc7 10. O-O Nc6 11. Rc1 Rd8 12. Nd5 exd5 13. cxd5 Bd7 14. Qd2 Rdc8 15. dxc6 bxc6 16. Bc4 Qb7 17. Rfd1 a5 18. Ne2 Be6 19. Nf4 Bxc4 20. Rxc4 Qb5 21. Rdc1 c5 22. R4c2 Rcb8 23. Ne2 Rb7 24. Ng3 Bf8 25. Bg5 Ne8 26. Nf5 Qa4 27. Ra1 Qd7 28. Ne3 Qe6 29. Nc4 a4 30. Bf4 Rb4 31. Qd3 Rab8 32. Rd1 g6 33. Bd2 R4b7 34. Bc3 Bg7 35. Bxg7 Kxg7 36. Qd5 Qxd5 37. Rxd5 f6 38. Kf1 Kf7 39. Rxd6 Nxd6 40. Nxd6+ Ke6 41. Nxb7 Rxb7 42. Ke2 Kd6 43. Kd3 Kc6 44. Kc3 h5 45. Rd2 Rb8 46. Re2 Rd8 47. Rd2 Ra8 48. f4 Re8 49. Re2 g5 50. fxg5 fxg5 51. e5 Kd5 52. e6 Rxe6 53. Rxe6 Kxe6 54. Kc4 Kd6 55. Kb5 a3 56. b4 cxb4 57. Kxb4 Kd5 58. Kxa3 Kc4 59. Kb2 Kd5 1-0

[Event "WJCC U20 Girls 2019"]
[Site "New Delhi"]
[Date "2019.10.19"]
[Round "6.31"]
[White "Blazeka, Mihaela"]
[Black "Vlkova, Anezka"]
[Result "0-1"]
[ECO "C06"]
[WhiteElo "2109"]
[BlackElo "1972"]
[Annotator "NA"]
[PlyCount "122"]
[EventDate "2019.10.15"]
[EventType "swiss"]
[EventCountry "IND"]
[SourceTitle "playchess.com"]
[Source "ChessBase"]
[SourceQuality "1"]
[TimeControl "40/5400+30:1800+30"]

1. e4 e6 2. d4 d5 3. Nd2 Nf6 4. e5 Nfd7 5. Bd3 c5 6. c3 Nc6 7. Ne2 cxd4 8. cxd4 f6 9. exf6 Qxf6 10. Nf3 h6 11. O-O Bd6 12. Be3 O-O 13. Rc1 Rd8 14. Bb1 Nf8 15. Qd2 Bd7 16. a3 Be8 17. Ng3 Bg6 18. b4 a6 19. Rfe1 Rd7 20. Qe2 Bxb1 21. Rxb1 Rc7 22. Nh5 Qf5 23. Nd2 g5 24. g4 Qf7 25. h4 Bf4 26. Nf3 Rac8 27. Rbd1 Qg6 28. hxg5 hxg5 29. Qd2 Rh7 30. Nxg5 Qxg5 31. Bxf4 Qxg4+ 32. Ng3 Ng6 33. Bg5 Rh5 34. Bf6 Kf7 35. Qe2 Qxe2 36. Rxe2 Nf4 37. Re3 Kxf6 38. Rf3 Rf5 39. Nxf5 Kxf5 40. Kh2 Rh8+ 41. Kg1 e5 42. dxe5 Nxe5 43. Rxd5 Ke4 44. Rxe5+ Kxe5 45. Re3+ Kf5 46. Re7 b5 47. Rf7+ Ke4 48. Re7+ Kf3 49. Re3+ Kg4 50. Rg3+ Kf5 51. Rg7 Rh6 52. Rf7+ Ke4 53. Re7+ Re6 54. Rc7 Nd5 55. Rc1 Kf3 56. Rc5 Re1+ 57. Kh2 Nf4 58. Rc6 Re6 59. Rc2 Re2 60. Rc6 Rxf2+ 61. Kh1 Kg3 0-1

[Event "WJCC U20 Girls 2019"]
[Site "New Delhi"]
[Date "2019.10.19"]
[Round "6.32"]
[White "Ferkova, Dominika"]
[Black "Savitha Shri B"]
[Result "1-0"]
[ECO "E48"]
[WhiteElo "2096"]
[BlackElo "1916"]
[Annotator "NA"]
[PlyCount "123"]
[EventDate "2019.10.15"]
[EventType "swiss"]
[EventCountry "IND"]
[SourceTitle "playchess.com"]
[Source "ChessBase"]
[SourceQuality "1"]
[TimeControl "40/5400+30:1800+30"]

1. d4 Nf6 2. c4 e6 3. Nc3 Bb4 4. e3 O-O 5. Bd3 d5 6. Nge2 c5 7. cxd5 Nxd5 8. O-O Nc6 9. Nxd5 Qxd5 10. a3 Ba5 11. Nf4 Qd6 12. Qh5 f5 13. dxc5 Qxc5 14. b4 Qe5 15. Rb1 Bd8 16. Bb2 Qc7 17. Bc4 Qf7 18. Qxf7+ Kxf7 19. b5 Ne7 20. Rfd1 Bc7 21. Ne2 Ng6 22. Rbc1 Bb8 23. Bb3 Re8 24. f4 Nf8 25. Nd4 Ke7 26. Nf3 g6 27. Be5 Bd7 28. a4 Rc8 29. Kf2 Bxe5 30. Nxe5 Be8 31. Nd3 Nd7 32. Kf3 a6 33. bxa6 bxa6 34. a5 Nf6 35. Nc5 Bc6+ 36. Kg3 Ne4+ 37. Nxe4 Bxe4 38. Bc4 Rc5 39. Be2 Rxa5 40. Rc7+ Kf6 41. Rdd7 Rf8 42. Ra7 Ra2 43. Bf3 h5 44. h4 Ra3 45. Kf2 a5 46. Rh7 Ra1 47. Kg3 Ra2 48. Rhc7 Ra3 49. Kf2 Ra1 50. Rc5 a4 51. Bxe4 fxe4 52. Rc4 Rb8 53. Rcc7 Rf8 54. Rc4 Rd8 55. Rcc7 Rf8 56. Rc4 a3 57. Rxe4 Kf5 58. Rea4 Kg4 59. f5+ Kxf5 60. Rf4+ Ke5 61. Ra5+ Kd6 62. Rxf8 1-0

[Event "WJCC U20 Girls 2019"]
[Site "New Delhi"]
[Date "2019.10.19"]
[Round "6.33"]
[White "Mirza, Diana"]
[Black "Kairbekova, Amina"]
[Result "1-0"]
[ECO "A36"]
[WhiteElo "1986"]
[BlackElo "2096"]
[Annotator "NA"]
[PlyCount "93"]
[EventDate "2019.10.15"]
[EventType "swiss"]
[EventCountry "IND"]
[SourceTitle "playchess.com"]
[Source "ChessBase"]
[SourceQuality "1"]
[TimeControl "40/5400+30:1800+30"]

1. c4 c5 2. Nc3 Nc6 3. g3 e6 4. Bg2 g6 5. e4 Bg7 6. Nge2 Nge7 7. O-O O-O 8. d3 d6 9. Be3 Nd4 10. Qd2 Rb8 11. Bh6 f5 12. Bxg7 Kxg7 13. Nxd4 cxd4 14. Nb5 e5 15. Qb4 Rf6 16. Nxa7 f4 17. Nxc8 Nxc8 18. f3 Ne7 19. Qd2 h5 20. b4 g5 21. Bh3 Qg8 22. g4 hxg4 23. Bxg4 Qh7 24. a4 Ng8 25. Bf5 Rxf5 26. exf5 Qxf5 27. a5 Nf6 28. Rf2 g4 29. Rg2 Kf7 30. Qe2 gxf3 31. Qxf3 Ke6 32. b5 d5 33. cxd5+ Nxd5 34. a6 Ne3 35. a7 Ra8 36. Rg7 Nd5 37. Rxb7 Rg8+ 38. Kh1 e4 39. dxe4 Qg5 40. exd5+ Ke5 41. a8=Q Rxa8 42. Rxa8 d3 43. Re8+ Kd4 44. Re4+ Kc5 45. Qf2+ Kd6 46. Qb6+ Kxd5 47. Qd4# 1-0

[Event "WJCC U20 Girls 2019"]
[Site "New Delhi"]
[Date "2019.10.19"]
[Round "6.34"]
[White "Tanishka Kotia"]
[Black "Aouachria, Marwa"]
[Result "0-1"]
[ECO "B51"]
[WhiteElo "2090"]
[BlackElo "1839"]
[Annotator "NA"]
[PlyCount "104"]
[EventDate "2019.10.15"]
[EventType "swiss"]
[EventCountry "IND"]
[SourceTitle "playchess.com"]
[Source "ChessBase"]
[SourceQuality "1"]
[TimeControl "40/5400+30:1800+30"]

1. e4 c5 2. Nf3 d6 3. Bb5+ Nc6 4. O-O g6 5. c3 Bg7 6. d4 cxd4 7. cxd4 a6 8. Bxc6+ bxc6 9. h3 Nf6 10. Nc3 O-O 11. Be3 Rb8 12. Qd2 Re8 13. Rfd1 Bb7 14. Bh6 Bh8 15. Qg5 Qc7 16. Qh4 c5 17. d5 e5 18. Nh2 Bg7 19. Rd3 Nh5 20. g4 Bxh6 21. gxh5 Qd8 22. Qxd8 Rexd8 23. hxg6 fxg6 24. h4 Bc8 25. Rb1 Rf8 26. Ne2 Rb4 27. f3 a5 28. Kf2 Rxe4 29. Ra3 Ba6 30. Ng1 Rxh4 31. Kg3 Rh5 32. Ng4 Bd2 33. Rd1 Bb4 34. Re3 c4 35. Nh3 Bc5 36. Ree1 Kg7 37. f4 Rhf5 38. fxe5 h5 39. Nf6 Bc8 40. Ne4 Rf3+ 41. Kg2 Bxh3+ 42. Kh2 Bf2 43. Ng5 Bxe1 44. Nxf3 Bg4 45. Rxe1 Bxf3 46. exd6 Bxd5 47. Re5 Bf7 48. Rxa5 Rd8 49. Ra6 Kf6 50. a4 Rd7 51. a5 Ke6 52. Rc6 Kd5 0-1

[Event "WJCC U20 Girls 2019"]
[Site "New Delhi"]
[Date "2019.10.19"]
[Round "6.35"]
[White "Punsalan, Vyanla M"]
[Black "Nastase, Andreea-Cristina"]
[Result "1/2-1/2"]
[ECO "B22"]
[WhiteElo "1964"]
[BlackElo "2077"]
[Annotator "NA"]
[PlyCount "63"]
[EventDate "2019.10.15"]
[EventType "swiss"]
[EventCountry "IND"]
[SourceTitle "playchess.com"]
[Source "ChessBase"]
[SourceQuality "1"]
[TimeControl "40/5400+30:1800+30"]

1. e4 c5 2. c3 Nf6 3. e5 Nd5 4. d4 cxd4 5. Nf3 e6 6. cxd4 d6 7. Nc3 dxe5 8. Nxe5 Nxc3 9. bxc3 Nd7 10. Bb5 a6 11. Qf3 Qf6 12. Bxd7+ Bxd7 13. Qxb7 Rd8 14. Qxa6 Be7 15. Nxd7 Rxd7 16. Qa4 Qf5 17. O-O Qd5 18. Be3 O-O 19. c4 Ra8 20. Qb3 Qe4 21. Qb1 Qc6 22. c5 Bf6 23. Qb6 Qc8 24. Rfd1 h5 25. a4 Rda7 26. Rdb1 Rxa4 27. Rxa4 Rxa4 28. Qd6 Qb7 29. Qb6 Qc8 30. Qd6 Qb7 31. Qb6 Qc8 32. Qd6 1/2-1/2

[Event "WJCC U20 Girls 2019"]
[Site "New Delhi"]
[Date "2019.10.19"]
[Round "6.36"]
[White "Srimathi R"]
[Black "Bauyrzhan, Arnash"]
[Result "0-1"]
[ECO "B42"]
[WhiteElo "1914"]
[BlackElo "2075"]
[Annotator "NA"]
[PlyCount "109"]
[EventDate "2019.10.15"]
[EventType "swiss"]
[EventCountry "IND"]
[SourceTitle "playchess.com"]
[Source "ChessBase"]
[SourceQuality "1"]
[TimeControl "40/5400+30:1800+30"]

1. e4 c5 2. Nf3 e6 3. d4 cxd4 4. Nxd4 a6 5. Bd3 Nf6 6. O-O Qc7 7. c4 Nc6 8. Nxc6 bxc6 9. Be3 d6 10. Nc3 Be7 11. f4 O-O 12. Qe2 Rb8 13. Kh1 Qa5 14. a3 e5 15. b4 Qc7 16. f5 Bb7 17. Rac1 Qd8 18. Rcd1 a5 19. Bg1 axb4 20. axb4 Ra8 21. b5 Ra3 22. bxc6 Bxc6 23. Nd5 Bxd5 24. exd5 Qa5 25. Bb1 Nd7 26. Rf3 Rxf3 27. Qxf3 Rb8 28. Qe2 Qa3 29. Qa2 Qxa2 30. Bxa2 Bd8 31. Rb1 Rxb1 32. Bxb1 Bb6 33. g4 f6 34. Bc2 Bxg1 35. Kxg1 Kf8 36. Kf2 Ke7 37. Ke3 Kd8 38. h3 Kc7 39. Kd2 Kb6 40. Kc3 Kc5 41. Be4 Nb6 42. Bd3 e4 43. Bf1 Nd7 44. Be2 Ne5 45. h4 Nf3 46. h5 Nd4 47. Bf1 e3 48. Kd3 e2 49. Bxe2 Nxe2 50. Kxe2 Kxc4 51. Ke3 Kxd5 52. Kd3 Ke5 53. Ke3 h6 54. Kd3 Kf4 55. Kd4 {Ke5+} 0-1

[Event "WJCC U20 Girls 2019"]
[Site "New Delhi"]
[Date "2019.10.19"]
[Round "6.37"]
[White "Levitan, Ronit"]
[Black "Jain Nityata"]
[Result "0-1"]
[ECO "B13"]
[WhiteElo "1893"]
[BlackElo "2029"]
[Annotator "NA"]
[PlyCount "98"]
[EventDate "2019.10.15"]
[EventType "swiss"]
[EventCountry "IND"]
[SourceTitle "playchess.com"]
[Source "ChessBase"]
[SourceQuality "1"]
[TimeControl "40/5400+30:1800+30"]

1. e4 c6 2. d4 d5 3. exd5 cxd5 4. c4 Nf6 5. Nc3 Nc6 6. Nf3 Bg4 7. cxd5 Nxd5 8. Be2 e6 9. O-O Be7 10. h3 Bh5 11. Qb3 Nxc3 12. bxc3 Qd7 13. Ne5 Nxe5 14. Bxh5 Nc6 15. Bf3 Na5 16. Qc2 O-O 17. Rb1 Rac8 18. d5 e5 19. Be3 b6 20. Be2 Qxd5 21. Rb5 Qc6 22. Rd1 Bf6 23. Qf5 Rfd8 24. Rbb1 g6 25. Qg4 Kg7 26. h4 h5 27. Qg3 Qe4 28. Bf3 Qxh4 29. Qxh4 Bxh4 30. Rb5 Nc4 31. Rbd5 Rxd5 32. Rxd5 Nxe3 33. fxe3 Rxc3 34. Rxe5 Bg3 35. Rd5 Rxe3 36. Rd1 b5 37. Bc6 b4 38. Bd5 a5 39. Bb3 Re7 40. Rf1 f5 41. Rd1 h4 42. Ba4 Kf6 43. Bb5 Re3 44. Ba4 Ra3 45. Bb3 a4 46. Bd5 b3 47. Bc4 bxa2 48. Ra1 Rc3 49. Bxa2 Ra3 0-1

[Event "WJCC U20 Girls 2019"]
[Site "New Delhi"]
[Date "2019.10.19"]
[Round "6.38"]
[White "Meghna, C H"]
[Black "Jayaweera, Sayuni Gihansa"]
[Result "1-0"]
[ECO "B26"]
[WhiteElo "1956"]
[BlackElo "1788"]
[Annotator "NA"]
[PlyCount "67"]
[EventDate "2019.10.15"]
[EventType "swiss"]
[EventCountry "IND"]
[SourceTitle "playchess.com"]
[Source "ChessBase"]
[SourceQuality "1"]
[TimeControl "40/5400+30:1800+30"]

1. e4 c5 2. Nc3 g6 3. g3 Bg7 4. Bg2 Nc6 5. d3 d6 6. Be3 Nf6 7. h3 Rb8 8. f4 Nd4 9. Nge2 Nd7 10. O-O b5 11. Qd2 b4 12. Nd1 a5 13. Nc1 Qc7 14. f5 Ne5 15. c3 bxc3 16. bxc3 Ndc6 17. Bh6 Bf6 18. Ne3 Qb6 19. Rf2 a4 20. Nd5 Qa5 21. Ne2 Rg8 22. Nxf6+ exf6 23. fxg6 Rxg6 24. Raf1 Qd8 25. d4 cxd4 26. cxd4 Nc4 27. Qc1 Ba6 28. e5 d5 29. Rxf6 Rxf6 30. Rxf6 Nb4 31. Qg5 Nc6 32. Qg8+ Kd7 33. Qxf7+ Ne7 34. Rxa6 1-0

[Event "WJCC U20 Girls 2019"]
[Site "New Delhi"]
[Date "2019.10.19"]
[Round "6.39"]
[White "Tamarozi, Isabelle"]
[Black "Noshin, Anjum"]
[Result "1-0"]
[ECO "C45"]
[WhiteElo "2029"]
[BlackElo "1793"]
[Annotator "NA"]
[PlyCount "33"]
[EventDate "2019.10.15"]
[EventType "swiss"]
[EventCountry "IND"]
[SourceTitle "playchess.com"]
[Source "ChessBase"]
[SourceQuality "1"]
[TimeControl "40/5400+30:1800+30"]

1. e4 e5 2. Nf3 Nc6 3. d4 exd4 4. Nxd4 Nf6 5. Nxc6 bxc6 6. e5 Qe7 7. Qe2 Nd5 8. h4 a5 9. Nd2 Ba6 10. c4 Nb6 11. b3 Qe6 12. Bb2 g6 13. h5 a4 14. g3 Bb7 15. Bh3 Qe7 16. e6 Rg8 17. Bf6 1-0